 Dungeon Crawl Stone Soup version 0.29-a0-1065-g47a6bb87d6 (webtiles) character file.

Game seed: 15920165115011898492

131 siradein the Trooper (level 4, -3/37 HPs)
             Began as a Demonspawn Fighter on Aug 18, 2022.
             Slain by Sigmund
             ... wielding a +0 scythe
              (6 damage)
             ... on level 3 of the Dungeon.
             The game lasted 00:03:48 (2557 turns).

siradein the Trooper (Demonspawn Fighter)           Turns: 2557, Time: 00:03:49

Health: -3/37      AC: 12    Str: 16    XL:     4   Next: 91%
Magic:  4/4        EV:  4    Int: 11    God:
Gold:   150        SH:  0    Dex: 13    Spells: 3/3 levels left

rFire   . . .      SeeInvis .   j - +1 dagger (venom)
rCold   . . .      Faith    .   b - +0 buckler
rNeg    . . .      Spirit   .   n - +0 plate armour
rPois   .          Reflect  .   (no helmet)
rElec   .          Harm     .   (no cloak)
rCorr   .          Rampage  .   t - +0 pair of gloves
Will    .....                   (no boots)
Stlth   ..........              (no amulet)
HPRegen 0.12/turn               (no ring)
MPRegen 0.09/turn               (no ring)

@: confused
A: weakness stinger 1
a: no special abilities


You were on level 3 of the Dungeon.
You visited 1 branch of the dungeon, and saw 3 of its levels.

You collected 150 gold pieces.

Inventory:

Hand Weapons
 j - a +1 dagger of venom (weapon)
Armour
 b - a +0 buckler (worn)
 n - a +0 plate armour (worn)
 t - a +0 pair of gloves (worn)
Wands
 r - a wand of light (6)
Scrolls
 a - a scroll of amnesia {unknown}
 e - 2 scrolls of identify {unknown}
 h - 2 scrolls of fear {unknown}
 i - 5 scrolls of teleportation {unknown}
 m - a scroll of summoning {unknown}
 o - a scroll of enchant armour {unknown}
 p - a scroll of blinking {unknown}
 q - a scroll of magic mapping {unknown}
Potions
 c - a potion of might
 d - a potion of mutation {unknown}
 f - a potion of invisibility {unknown}
 g - a potion of resistance {unknown}
 k - 3 potions of curing {unknown}
 l - 2 potions of lignification {unknown}
 s - a potion of magic {unknown}


   Skills:
 + Level 4.1 Fighting
 - Level 2.6 Armour
 + Level 3.6 Shields
 + Level 3.0 Unarmed Combat


You had 3 spell levels left.
You didn't know any spells.
Your spell library was empty.

Dungeon Overview and Level Annotations

Branches:
Dungeon (3/15)

Altars:

Annotations:
D:3 Sigmund


Innate Abilities, Weirdness & Mutations

You have a small tail.


Message History

You block the adder's attack. Something hits you. The adder bites you.
You are poisoned.
The adder poisons you!
You hit the adder but do no damage.
The adder is severely wounded.
You feel sick.
You kill the adder!
Something hits you but does no damage.
You hit the jackal.
The jackal is poisoned.
You tail-slap the jackal, but do no damage.
The jackal is lightly wounded.
You feel sick.
You kill the jackal!
A bat comes into view.
You feel sick. Something hits you.
Things that are here:
a jackal corpse; an adder corpse
Found a fizzy silvery potion.
You feel sick. The bat hits you but does no damage.
You hear some strange, mumbled words.
A puff of flame appears from out of thin air!
The puff of flame hits you but does no damage.
You hit the bat.
The bat is poisoned.
The bat is severely wounded.
You feel sick. The bat hits you but does no damage. Something hits you.
You feel sick.
You are no longer poisoned.
You kill the bat!
There is a dry fountain here.
You are too injured to fight recklessly!
Something hits you!
* * * LOW HITPOINT WARNING * * *
You hear some strange, mumbled words.
You are confused.
There is a dry fountain here.
You hit something but do no damage. Something hits you but does no damage.
Something hits you!
* * * LOW HITPOINT WARNING * * *
You bump into the stone wall.
Something hits you.
You die...

###........##........⌠
.........!..#.........
#.⌠........##........
#.....#.....#..⌠...##
#........⌠.##...###.
#...........#.###...
#........#####.....
#..⌠...###.#.......
##@{.###...##.⌠....
#†###...⌠.)#.....#
#.#........##.....
#...........#.....
##.⌠........##..†.
#.....#.....#..⌠.
##........⌠.##...
#.........†...##
##........#####


There were no monsters in sight!

Vanquished Creatures
  Jessica (D:3)
  5 adders
  A worm (D:3)
  2 ball pythons
  5 endoplasms
  2 giant cockroaches (D:1)
  6 goblins
  6 hobgoblins
  4 jackals
  2 quokkas
  10 bats
  4 frilled lizards
  5 kobolds
  5 rats
58 creatures vanquished.

Notes
Turn   | Place    | Note
-------+----------+-------------------------------------------
     0 | D:1      | siradein the Demonspawn Fighter began the quest for the
                  | Orb.
     0 | D:1      | Reached XP level 1. HP: 18/18 MP: 1/1
   369 | D:1      | Found a faded altar of an unknown god.
   493 | D:1      | Gained mutation: You have a small tail. [demonic ancestry]
   493 | D:1      | Reached XP level 2. HP: 24/24 MP: 2/2
  1233 | D:2      | Reached XP level 3. HP: 29/29 MP: 3/3
  2308 | D:3      | Noticed Jessica
  2312 | D:3      | Killed Jessica
  2313 | D:3      | Reached XP level 4. HP: 37/37 MP: 4/4
  2423 | D:3      | Reached skill level 4 in Fighting
  2539 | D:3      | Noticed Sigmund
  2557 | D:3      | Slain by Sigmund

Illustrated notes

Levels and vault maps discovered:
D:1:      evilmike_arrival_crescent, layout_basic,
          dreamdust_ecumenical_altar_grove, st_stairs_13,
          chequers_serial_rivers_micro_a, minivault_11
D:2:      layout_basic
D:3:      minmay_skewed_foursquare, layout_basic, serial_shops,
          nicolae_shop_bloodbath_and_beyond, uniq_terence, uniq_jessica,
          uniq_sigmund

Skill      XL: |  1  2  3  4 |
---------------+-------------+-----
Unarmed Combat | 2 3 |  3.0
Shields        | 3 |  3.6
Fighting       | 4 |  4.1
Armour         | |  2.6

Action                   |  1- 3 |  4- 6 || total
-------------------------+-------+-------++-------
Melee: Unarmed           |    30 |       ||    30
       Dagger            |    88 |    46 ||   134
       Tailslap          |    11 |     4 ||    15
Armor: Scale mail        |    53 |       ||    53
       Plate armour      |    30 |    42 ||    72
Dodge: Dodged            |    41 |    11 ||    52
Block: Buckler           |    30 |    11 ||    41

Table legend: (Time is in decaauts)
 A = Elapsed time spent in this place.
 B = Non-inter-level travel time spent in this place.
 C = Inter-level travel time spent in this place.
 D = Time resting spent in this place.
 E = Time spent auto-exploring this place.
 F = Levels seen in this place.
 G = Mean time per level.
                   A        B        C        D        E       F      G
               +--------+--------+--------+--------+--------+-----+--------+
         Total |   2563 |   2490 |     73 |      0 |   2111 |   3 |  854.3 |
       Dungeon |   2563 |   2490 |     73 |      0 |   2111 |   3 |  854.3 |
               +--------+--------+--------+--------+--------+-----+--------+

Top non-repeatable levels by time:
     D:2: 1230 daAuts
     D:1: 1077 daAuts
     D:3: 254 daAuts
